 Dungeon Crawl Stone Soup version 0.22-a0-422-g9628fc8 (webtiles) character file.

1 galech the Fighter (level 1, 28/28 HPs)
             Began as a Gnoll Wanderer on May 16, 2018.
             Quit the game on level 1 of the Dungeon.
             The game lasted 00:00:10 (46 turns).

galech the Fighter (Gnoll Wanderer)                   Turns: 46, Time: 00:00:11

Health: 28/28      AC:  6    Str: 15    XL:     1   Next: 20%
Magic:  1/1        EV: 10    Int: 14    God:
Gold:   13         SH:  0    Dex: 13    Spells: 0/0 levels left

rFire    . . .     SeeInvis .   b - +2 blowgun
rCold    . . .     Gourm    .   (no shield)
rNeg     . . .     Faith    .   c - +0 ring mail
rPois    .         Spirit   .   (no helmet)
rElec    .         Reflect  .   (no cloak)
rCorr    .         Harm     .   (no gloves)
MR       .....                  (no boots)
Stlth    +.........             (no amulet)
HPRegen  0.09/turn              (no ring)
MPRegen  0.07/turn              (no ring)

@: no status effects
A: distributed training, fangs 1, strong nose
a: no special abilities


You were on level 1 of the Dungeon.
You were not hungry.

You visited 1 branch of the dungeon, and saw 1 of its levels.

You collected 13 gold pieces.

Inventory:

Hand Weapons
 b - a +2 blowgun (weapon)
Armour
 c - a +0 ring mail (worn)
Potions
 d - 2 potions of lignification
Comestibles
 f - a ration


   Skills:
 + Level 10.3 Fighting
 + Level 0.0 Short Blades
 + Level 0.0 Long Blades
 + Level 2.3 Axes
 + Level 0.0 Maces & Flails
 + Level 0.0 Polearms
 + Level 0.0 Staves
 + Level 0.0 Slings
 + Level 0.0 Bows
 + Level 0.0 Crossbows
 + Level 2.3 Throwing
 + Level 4.4 Armour
 + Level 0.0 Dodging
 + Level 2.1 Stealth
 + Level 0.0 Shields
 + Level 0.0 Unarmed Combat
 + Level 0.0 Spellcasting
 + Level 0.0 Conjurations
 + Level 0.0 Hexes
 + Level 0.0 Charms
 + Level 0.0 Summonings
 + Level 0.0 Necromancy
 + Level 0.0 Translocations
 + Level 0.0 Transmutations
 + Level 0.0 Fire Magic
 + Level 0.0 Ice Magic
 + Level 0.0 Air Magic
 + Level 0.0 Earth Magic
 + Level 0.0 Poison Magic
 + Level 0.0 Invocations
 + Level 0.0 Evocations


You couldn't memorise any spells.
You didn't know any spells.
Your spell library was empty.

Dungeon Overview and Level Annotations

Branches:
Dungeon (1/15)

Altars:


Innate Abilities, Weirdness & Mutations

Your experience applies equally to all skills.
You have very sharp teeth.
Your uncanny sense of smell can sniff out nearby items.


Message History

No target in view!
Found 22 arrows.
a - a curare-tipped needle You see here a club.
There isn't anything to butcher here.
A rat comes into view.
Firing (i - inventory)
a - a curare-tipped needle (quivered)
Press: ? - help, Shift-Dir - straight line, f - rat
Aim: a rat You shoot a curare-tipped needle.
The curare-tipped needle barely misses the rat.
Firing (i - inventory) No suitable missiles.
Press: ? - help, Shift-Dir - straight line, f/p - rat
Aim: a rat
Okay, then.
Firing (i - inventory) No suitable missiles.
Press: ? - help, Shift-Dir - straight line, f/p - rat
Aim: a rat
Okay, then.
Are you sure you want to abandon this character and quit the game? (Confirm with "yes".)

##.## #...# #...###
#.(.... #
#####...####.#
.##.##............#
..r....@..........#
#
....##............#
## . #####..)####.#
##. #.......#####..
#...###.+.....⌠
#...# ####.. ##.##
###. #.#########.##
#............#


You could see a rat.

Vanquished Creatures
  A hobgoblin (D:1)
1 creature vanquished.

Notes
Turn   | Place    | Note
-------+----------+-------------------------------------------
     0 | D:1      | Reached skill level 10 in Fighting
     0 | D:1      | galech the Gnoll Wanderer began the quest for the Orb.
     0 | D:1      | galech set off with: a curare-tipped needle, a +2 blowgun, a +0 ring mail, a potion of lignification, a ration
     0 | D:1      | Reached XP level 1. HP: 28/28 MP: 1/1
    46 | D:1      | Quit the game

Vault maps used:
D:1:      evilmike_arrival_plus, minivault_11

Skill      XL: | |
---------------+-+-----
Fighting       | | 10.3
Axes           | |  2.3
Throwing       | |  2.3
Armour         | |  4.4
Stealth        | |  2.1

Action                   || total
-------------------------++-------
 Fire: Blowgun           ||     2

Table legend:
 A = Spawn XP
 B = Non-spawn XP
 C = Spawn XP percentage of total XP
 D = Spawn monster count
 E = Non-spawn monster count
 F = Spawn count percentage of total count
 G = Total turns spent on level
                    A         B        C        D         E        F      G
               +---------+---------+-------+---------+---------+-------+---------
         Total |       0 |       2 |   0.0 |       0 |       1 |   0.0 |    46
               +---------+---------+-------+---------+---------+-------+---------
           D:1 |       0 |       2 |   0.0 |       0 |       1 |   0.0 |    46
               +---------+---------+-------+---------+---------+-------+---------
